 Dungeon Crawl Stone Soup version 0.20.1-1-g8b1a95d (webtiles) character file.

377 gobwax the Magician (level 6, -9/36 HPs)
             Began as an Octopode Wizard on July 22, 2017.
             Mangled by an iguana (13 damage)
             ... on level 6 of the Dungeon.
             The game lasted 00:14:08 (6696 turns).

gobwax the Magician (Octopode Wizard)               Turns: 6696, Time: 00:14:10

Health: -9/36      AC:  1    Str:  6    XL:     6   Next: 73%
Magic:  1/13       EV: 13    Int: 22    God:
Gold:   151        SH:  0    Dex: 11    Spells: 7/15 levels left

rFire    . . .     SeeInvis .   (no weapon)
rCold    . . .     Gourm    .   (no shield)
rNeg     . . .     Faith    .   a - +0 hat
rPois    .         Spirit   .   (no amulet)
rElec    .         Reflect  .   (no ring)
rCorr    .         Harm     .   (no ring)
MR       .....                  (no ring)
Stlth    +++.......             (no ring)
Regen    0.2/turn               (no ring)
MPRegen  0.2/turn               (no ring)
                                (no ring)
                                (no ring)

@: very slightly contaminated
A: almost no armour, stealthy swim, amphibious, 8 rings, constrict 8, camouflage
1, gelatinous body 1
a: no special abilities


You were on level 6 of the Dungeon.
You were hungry.

You visited 1 branch of the dungeon, and saw 6 of its levels.

You collected 151 gold pieces.

Inventory:

Hand Weapons
 r - a +0 blowgun
Missiles
 s - 15 poisoned needles
Armour
 a - a +0 hat (worn)
Jewellery
 l - a +5 ring of strength {unknown}
 p - an uncursed ring of see invisible {unknown}
Wands
 v - a wand of disintegration (12/24)
Scrolls
 g - 4 scrolls of remove curse {unknown}
 h - 3 scrolls of fear {unknown}
 k - 3 scrolls of identify {unknown}
 n - 2 scrolls of recharging {unknown}
 q - a scroll of amnesia {unknown}
 x - a scroll of immolation {unknown}
 A - a scroll of fog {unknown}
Potions
 d - a potion of resistance {unknown}
 e - 2 potions of mutation {unknown}
 f - a potion of haste {unknown}
 j - 2 potions of lignification {unknown}
 o - a potion of heal wounds {unknown}
 t - a potion of curing {unknown}
 u - 4 potions of agility {unknown}
 w - a potion of invisibility {unknown}
 z - a potion of brilliance {unknown}
Books
 b - a book of Minor Magic

   Spells                             Type                      Level
   a - Magic Dart                     Conjuration                  1
   b - Blink                          Translocation                2
   c - Call Imp                       Summoning                    2
   d - Slow                           Hexes                        2
   e - Conjure Flame                  Conjuration/Fire             3
   f - Mephitic Cloud                 Conjuration/Poison/Air       3
 y - a book of Necromancy

   Spells                             Type                      Level
   a - Pain                           Necromancy                   1
   b - Animate Skeleton               Necromancy                   1
   c - Vampiric Draining              Necromancy                   3
   d - Regeneration                   Charms/Necromancy            3
   e - Animate Dead                   Necromancy                   4
   f - Control Undead                 Necromancy                   4
Comestibles
 c - a bread ration
 i - 2 royal jellies
 m - 3 meat rations


   Skills:
 - Level 2.0 Dodging
 - Level 2.8 Stealth
 - Level 0.2 Unarmed Combat
 + Level 5.1 Spellcasting
 * Level 3.7 Conjurations
 + Level 2.7 Summonings
 + Level 1.3 Translocations


You had 7 spell levels left.
You knew the following spells:

 Your Spells              Type           Power        Failure   Level  Hunger
a - Magic Dart            Conj           ###.         2%          1    None
b - Call Imp              Summ           ###.....     4%          2    None
c - Conjure Flame         Conj/Fire      ##......     14%         3    ##.....
d - Blink                 Tloc           N/A          9%          2    None


Dungeon Overview and Level Annotations

Branches:
Dungeon (6/15)
 Temple: D:4-7

Altars:
Dithmenos
Makhleb

Shops:
D:4 [

Annotations:
D:4 Edmund


Innate Abilities, Weirdness & Mutations

You cannot wear most types of armour.
You are very stealthy in the water. (Stealth+)
You are amphibious.
You can wear up to eight rings at the same time.
You can use your tentacles to constrict eight enemies at once.
Your skin changes colour to match your surroundings (Stealth+).
Your rubbery body absorbs attacks. (AC +1, EV +1)


Message History

The iguana misses you.
Your crimson imp blinks!
Your crimson imp hits the iguana.
You tentacle-slap the iguana but do no damage.
Your grab misses the iguana.
The iguana is moderately wounded.
The iguana bites you.
* * * LOW HITPOINT WARNING * * *
Your crimson imp blinks!
You barely miss the iguana. You grab the iguana.
The iguana is moderately wounded.
You constrict the iguana, but do no damage.
The iguana bites you.
* * * LOW HITPOINT WARNING * * *
Your crimson imp hits the iguana.
You tentacle-slap the iguana.
The iguana is moderately wounded.
You constrict the iguana, but do no damage.
The iguana bites you!
You die...

...............#.....#
...............#.....#
....#######....#.....#
....##...##....#.....#
....#.....[....#.....#
....#..........'.....#
....#..........#.....#
....#..........#.....#
....##...##....#@5...#
....###+###....#l§...#
..........+....#.....#
..........#....#..5..#
..........#....#$....#
..........# #.....#
...<......# #....5#
#...##...## #......
#...# .# #.......


You could see an iguana and 3 friendly crimson imps.

Vanquished Creatures
  2 crimson imps
  A howler monkey (D:6)
  A centaur skeleton (D:6)
  A howler monkey zombie (D:6)
  4 adders
  An ooze (D:2)
  A worm (D:1)
  A dart slug (D:3)
  3 leopard geckos
  7 orcs
  A ball python (D:4)
  5 bats
  2 giant cockroaches
  3 goblins (D:1)
  5 hobgoblins
  2 jackals (D:4)
  9 kobolds
  A quokka (D:3)
  3 frilled lizards
  5 rats
58 creatures vanquished.

Vanquished Creatures (collateral kills)
  A water moccasin skeleton (D:4)
  A centaur skeleton (D:5)
  2 worker ants
  Robin (D:2)
  3 gnolls (D:2)
  An adder (D:4)
  An ooze (D:2)
  A dart slug (D:2)
  A leopard gecko (D:2)
  8 goblins (D:2)
  2 hobgoblins (D:2)
  2 jackals (D:1)
  A ball python (D:2)
  A bat (D:2)
  2 kobolds (D:1)
28 creatures vanquished.

Grand Total: 86 creatures vanquished

Notes
Turn   | Place    | Note
-------+----------+-------------------------------------------
     0 | D:1      | gobwax the Octopode Wizard began the quest for the Orb.
     0 | D:1      | Reached XP level 1. HP: 11/11 MP: 4/4
   276 | D:1      | Reached XP level 2. HP: 17/17 MP: 1/6
   583 | D:1      | Learned a level 2 spell: Call Imp
   870 | D:1      | Reached XP level 3. HP: 21/21 MP: 5/8
  2116 | D:2      | Noticed Robin
  2211 | D:2      | Killed Robin
  2211 | D:2      | Reached XP level 4. HP: 27/27 MP: 3/9
  2279 | D:2      | Reached skill level 4 in Spellcasting
  2444 | D:2      | Learned a level 3 spell: Conjure Flame
  3112 | D:3      | Found a burning altar of Makhleb.
  4039 | D:4      | Found a shadowy altar of Dithmenos.
  4130 | D:4      | Found Yfuenkat's Armour Boutique.
  4138 | D:4      | Reached XP level 5. HP: 22/31 MP: 11/11
  5097 | D:4      | Reached XP level 6. HP: 10/36 MP: 2/13
  5421 | D:5      | Entered Level 5 of the Dungeon
  5433 | D:5      | Noticed Edmund
  5509 | D:4      | You fall through a shaft for 2 floors!
  5721 | D:5      | Learned a level 2 spell: Blink
  6516 | D:6      | Reached skill level 5 in Spellcasting
  6696 | D:6      | Mangled by an iguana

Skill      XL: |  1  2  3  4  5  6 |
---------------+-------------------+-----
Conjurations   | 2 3 |  3.7
Spellcasting   | 4 5 |  5.1
Summonings     | 2 |  2.7
Dodging        | |  2.0
Stealth        | |  2.8
Unarmed Combat | |  0.2
Translocations | |  1.3

Action                   |  1- 3 |  4- 6 || total
-------------------------+-------+-------++-------
Melee: Unarmed           |    33 |    43 ||    76
       Constrict         |     5 |     7 ||    12
       Tentacles         |     3 |     9 ||    12
 Cast: Magic Dart        |    77 |    97 ||   174
       Call Imp          |    15 |    34 ||    49
       Blink             |       |     4 ||     4
 Stab: Sleeping          |       |     1 ||     1
  Eat: Meat ration       |     1 |       ||     1
       Chunk             |       |     8 ||     8
       Bread ration      |       |     1 ||     1
Armor: Skin              |     6 |     3 ||     9
Dodge: Dodged            |    34 |    49 ||    83
